SA
PUT-IN-BAY BC @ PHOENIX HOTSPUR U-21
08/18/2026
 
TOP OF THE 1ST
Put-In-Bay BC batting - Pitching for Phoenix Hotspur U-21 : RHP Maru Pao Pao
Pitching: RHP Maru Pao Pao
Batting: LHB Tural Bishara 0-0: SINGLE (Flyball, 8LS)
Batting: LHB Francisco Alfaro 0-0: Ball
1-0: Ball
2-0: Ball
3-0: Called Strike
3-1: Called Strike
3-2: Strikes out looking
Tural Bishara steals 2nd base
Batter strikes out.
Batting: RHB Steve Koch 0-0: Called Strike
0-1: Ball
1-1: Called Strike
1-2: Strikes out looking
Batting: SHB Júlio Pérez 0-0: Foul Ball, location: 2F
0-1: Ball
1-1: TRIPLE (Flyball, 7LM)
Tural Bishara scores
Batting: SHB Norm Singletary 0-0: Ball
1-0: Called Strike
1-1: Foul Ball, location: 2F
1-2: Fly out, F8 (Flyball, 8RD)
Top of the 1st over - 1 run(s), 2 hit(s), 0 error(s), 1 left on base; Put-In-Bay 1 - Phoenix 0
BOTTOM OF THE 1ST
Phoenix Hotspur U-21 batting - Pitching for Put-In-Bay BC : RHP Scotty McKnight
Pitching: RHP Scotty McKnight
Batting: RHB Solomon Norment 0-0: Called Strike
0-1: SINGLE (Groundball, 56D)
Batting: LHB Tyler Kinjeketile 0-0: Ball
1-0: Foul Ball, location: 2F
1-1: Ball
2-1: Fly out, F8 (Flyball, 8RM)
Batting: RHB Elvis Norfleet 0-0: Called Strike
0-1: Ball
1-1: Swinging Strike
1-2: Foul Ball, location: 2F
1-2: Strikes out swinging
Batting: LHB Harumi Takaki 0-0: Called Strike
0-1: Foul Ball, location: 2F
0-2: Strikes out swinging
Bottom of the 1st over - 0 run(s), 1 hit(s), 0 error(s), 1 left on base; Put-In-Bay 1 - Phoenix 0
TOP OF THE 2ND
Put-In-Bay BC batting - Pitching for Phoenix Hotspur U-21 : RHP Maru Pao Pao
Batting: RHB Lou Lumsden 0-0: Fly out, F8 (Flyball, 8RD)
Batting: RHB Manuel Rosales 0-0: Called Strike
0-1: Foul Ball, location: 2F
0-2: Ball
1-2: Ball
2-2: Strikes out swinging
Batting: RHB Angus Watts 0-0: Called Strike
0-1: Ball
1-1: Ball
2-1: Foul Ball, location: 2F
2-2: SINGLE (Groundball, 56D)
Batting: RHB Ryan French 0-0: Called Strike
0-1: Ball
1-1: Reached on error, E5 (Groundball, 5)
Angus Watts to second
Batting: LHB Tural Bishara 0-0: Swinging Strike
0-1: Called Strike
0-2: Foul Ball, location: 2F
0-2: Strikes out swinging
Top of the 2nd over - 0 run(s), 1 hit(s), 1 error(s), 2 left on base; Put-In-Bay 1 - Phoenix 0
BOTTOM OF THE 2ND
Phoenix Hotspur U-21 batting - Pitching for Put-In-Bay BC : RHP Scotty McKnight
Batting: SHB Huey Wood 0-0: Ball
1-0: Called Strike
1-1: Foul Ball, location: 2F
1-2: Strikes out swinging
Batting: RHB Juan Negrete 0-0: Called Strike
0-1: Fly out, F6 (Line Drive, 6)
Batting: SHB Roldan Martir 0-0: Ball
1-0: Ball
2-0: Ball
3-0: Base on Balls
Batting: LHB Corey Ferguson 0-0: Ball
Roldan Martir is caught stealing 2nd base
Bottom of the 2nd over - 0 run(s), 0 hit(s), 0 error(s), 0 left on base; Put-In-Bay 1 - Phoenix 0
TOP OF THE 3RD
Put-In-Bay BC batting - Pitching for Phoenix Hotspur U-21 : RHP Maru Pao Pao
Batting: LHB Francisco Alfaro 0-0: Called Strike
0-1: Foul Ball, location: 2F
0-2: Fly out, F8 (Flyball, 8RM)
Batting: RHB Steve Koch 0-0: Called Strike
0-1: Ball
1-1: Swinging Strike
1-2: Strikes out swinging
Batting: SHB Júlio Pérez 0-0: Ball
1-0: Swinging Strike
1-1: Foul Ball, location: 2F
1-2: Strikes out looking
Top of the 3rd over - 0 run(s), 0 hit(s), 0 error(s), 0 left on base; Put-In-Bay 1 - Phoenix 0
BOTTOM OF THE 3RD
Phoenix Hotspur U-21 batting - Pitching for Put-In-Bay BC : RHP Scotty McKnight
Batting: LHB Corey Ferguson 0-0: Ball
1-0: Foul Ball, location: 2F
1-1: Swinging Strike
1-2: Foul Ball, location: 2F
1-2: Ball
2-2: Foul Ball, location: 2F
2-2: Foul Ball, location: 2F
2-2: Ball
3-2: Strikes out swinging, 2-3 out at first.
Batting: RHB Bill Erickson 0-0: Fly out, F9 (Flyball, 89M)
Batting: RHB Solomon Norment 0-0: Called Strike
0-1: Ball
1-1: Ball
2-1: Called Strike
2-2: Foul Ball, location: 2F
2-2: DOUBLE (Line Drive, 7LM)
Batting: LHB Tyler Kinjeketile 0-0: Called Strike
0-1: Ball
1-1: Fly out, F6 (Popup, 6)
Bottom of the 3rd over - 0 run(s), 1 hit(s), 0 error(s), 1 left on base; Put-In-Bay 1 - Phoenix 0
TOP OF THE 4TH
Put-In-Bay BC batting - Pitching for Phoenix Hotspur U-21 : RHP Maru Pao Pao
Batting: SHB Norm Singletary 0-0: Called Strike
0-1: Foul Ball, location: 2F
0-2: Strikes out swinging
Batting: RHB Lou Lumsden 0-0: Ball
1-0: Ball
2-0: Ball
3-0: Base on Balls
Batting: RHB Manuel Rosales 0-0: Called Strike
0-1: Ball
1-1: Fly out, F8 (Flyball, 89M)
Batting: RHB Angus Watts 0-0: Foul Ball, location: 2F
0-1: Ball
1-1: Called Strike
1-2: Strikes out swinging
Top of the 4th over - 0 run(s), 0 hit(s), 0 error(s), 1 left on base; Put-In-Bay 1 - Phoenix 0
BOTTOM OF THE 4TH
Phoenix Hotspur U-21 batting - Pitching for Put-In-Bay BC : RHP Scotty McKnight
Batting: RHB Elvis Norfleet 0-0: Ball
1-0: Ground out 6-3 (Groundball, 6)
Batting: LHB Harumi Takaki 0-0: Ball
1-0: Ball
2-0: Foul Ball, location: 2F
2-1: Foul Ball, location: 2F
2-2: Ball
3-2: Ground out 4-3 (Groundball, 4M)
Batting: SHB Huey Wood 0-0: Ball
1-0: Ball
2-0: Ball
3-0: Base on Balls
Batting: RHB Juan Negrete 0-0: Foul Ball, location: 2F
0-1: Ball
1-1: Ball
2-1: Swinging Strike
2-2: Foul Ball, location: 2F
2-2: Strikes out swinging
Bottom of the 4th over - 0 run(s), 0 hit(s), 0 error(s), 1 left on base; Put-In-Bay 1 - Phoenix 0
TOP OF THE 5TH
Put-In-Bay BC batting - Pitching for Phoenix Hotspur U-21 : RHP Maru Pao Pao
Batting: RHB Ryan French 0-0: Called Strike
0-1: SINGLE (Groundball, 4MD)
Batting: LHB Tural Bishara 0-0: Bunted foul
0-1: Sac Bunt - play at second, runner safe!
Batting: LHB Francisco Alfaro 0-0: Ball
1-0: Bunt missed!
1-1: Ball
2-1: Bunted foul
2-2: Foul Ball, location: 2F
2-2: DOUBLE (Flyball, 78M)
Ryan French scores
Tural Bishara to third
Batting: RHB Steve Koch 0-0: Called Strike
0-1: Ball
1-1: Swinging Strike
1-2: Ball
2-2: Ball
3-2: Strikes out swinging
Batting: SHB Júlio Pérez 0-0: Ball
1-0: Foul Ball, location: 2F
1-1: SINGLE (Groundball, 56D)
Tural Bishara scores
Francisco Alfaro to third
Batting: SHB Norm Singletary 0-0: Ball
Júlio Pérez steals 2nd base
1-0: Ground out 4-3 (Groundball, 4)
Francisco Alfaro scores
Júlio Pérez to third
Batting: RHB Lou Lumsden 0-0: Called Strike
0-1: Called Strike
0-2: Strikes out swinging
Top of the 5th over - 3 run(s), 3 hit(s), 0 error(s), 1 left on base; Put-In-Bay 4 - Phoenix 0
BOTTOM OF THE 5TH
Phoenix Hotspur U-21 batting - Pitching for Put-In-Bay BC : RHP Scotty McKnight
Batting: SHB Roldan Martir 0-0: Fly out, F8 (Flyball, 8LM)
Batting: LHB Corey Ferguson 0-0: Ball
1-0: Foul Ball, location: 2F
1-1: Ground out 4-3 (Groundball, 4)
Batting: RHB Bill Erickson 0-0: Called Strike
0-1: Ball
1-1: Swinging Strike
1-2: Strikes out swinging
Bottom of the 5th over - 0 run(s), 0 hit(s), 0 error(s), 0 left on base; Put-In-Bay 4 - Phoenix 0
TOP OF THE 6TH
Put-In-Bay BC batting - Pitching for Phoenix Hotspur U-21 : RHP Maru Pao Pao
Batting: RHB Manuel Rosales 0-0: Ball
1-0: Foul Ball, location: 2F
1-1: Ball
2-1: Called Strike
2-2: Ball
3-2: Reached on error, E5 (Groundball, 5)
Batting: RHB Angus Watts 0-0: Called Strike
Manuel Rosales steals 2nd base
0-1: Ball
1-1: Called Strike
1-2: Strikes out swinging
Batting: RHB Ryan French 0-0: Called Strike
0-1: Ball
1-1: Ground out 6-3 (Groundball, 6)
Manuel Rosales to third
Batting: LHB Tural Bishara 0-0: Ball
1-0: Ball
2-0: Fly out, F8 (Flyball, 89M)
Top of the 6th over - 0 run(s), 0 hit(s), 1 error(s), 1 left on base; Put-In-Bay 4 - Phoenix 0
BOTTOM OF THE 6TH
Phoenix Hotspur U-21 batting - Pitching for Put-In-Bay BC : RHP Scotty McKnight
Batting: RHB Solomon Norment 0-0: Swinging Strike
0-1: Foul Ball, location: 2F
0-2: SINGLE (Line Drive, 9S)
Batting: LHB Tyler Kinjeketile 0-0: Ball
1-0: Ball
2-0: Foul Ball, location: 2F
2-1: Swinging Strike
2-2: Ball
3-2: Base on Balls
Solomon Norment to second
Batting: RHB Elvis Norfleet 0-0: Ball
1-0: Fly out, F8 (Flyball, 8LD)
Runner from 2nd tags up, SAFE at 3rd, no throw
Batting: LHB Harumi Takaki 0-0: Ball
1-0: Ball
2-0: Fly out, F5 (Popup, 5)
Batting: SHB Huey Wood 0-0: Foul Ball, location: 2F
0-1: Ball
1-1: Ball
2-1: Foul Ball, location: 2F
2-2: Fielders Choice at 2nd, 4-6 (Groundball, 4)
Bottom of the 6th over - 0 run(s), 1 hit(s), 0 error(s), 1 left on base; Put-In-Bay 4 - Phoenix 0
TOP OF THE 7TH
Put-In-Bay BC batting - Pitching for Phoenix Hotspur U-21 : RHP Maru Pao Pao
Batting: LHB Francisco Alfaro 0-0: SINGLE (Groundball, 34D)
Batting: RHB Steve Koch 0-0: Swinging Strike
0-1: Called Strike
0-2: Ball
1-2: SINGLE (Line Drive, 9S)
Francisco Alfaro to second
Batting: SHB Júlio Pérez 0-0: Foul Ball, location: 2F
0-1: Swinging Strike
0-2: Strikes out swinging
Batting: SHB Norm Singletary 0-0: Foul Ball, location: 2F
0-1: Ball
1-1: Fly out, F9 (Flyball, 9D)
Runner from 2nd tags up, SAFE at 3rd, no throw
Batting: RHB Lou Lumsden 0-0: Ball
1-0: Foul Ball, location: 2F
1-1: Ball
2-1: Fly out, F8 (Flyball, 8LD)
Top of the 7th over - 0 run(s), 2 hit(s), 0 error(s), 2 left on base; Put-In-Bay 4 - Phoenix 0
BOTTOM OF THE 7TH
Phoenix Hotspur U-21 batting - Pitching for Put-In-Bay BC : RHP Scotty McKnight
Batting: RHB Juan Negrete 0-0: Ball
1-0: Ball
2-0: Ball
3-0: Foul Ball, location: 2F
3-1: Foul Ball, location: 2F
3-2: Foul Ball, location: 2F
3-2: Strikes out swinging
Batting: SHB Roldan Martir 0-0: Ball
1-0: Foul Ball, location: 2F
1-1: Called Strike
1-2: SINGLE (Line Drive, 56D)
Batting: LHB Corey Ferguson 0-0: SINGLE (Line Drive, 4D)
Roldan Martir to second
Batting: RHB Bill Erickson 0-0: Ball
1-0: Fielders Choice at 2nd, 6-4 (Groundball, 6)
Roldan Martir to third
Batting: RHB Solomon Norment 0-0: Called Strike
0-1: Swinging Strike
0-2: Ball
1-2: Foul Ball, location: 2F
1-2: Ball
2-2: Strikes out swinging
Bottom of the 7th over - 0 run(s), 2 hit(s), 0 error(s), 2 left on base; Put-In-Bay 4 - Phoenix 0
TOP OF THE 8TH
Put-In-Bay BC batting - Pitching for Phoenix Hotspur U-21 : RHP Maru Pao Pao
Pitching: RHP Ricardo Sandoval
Batting: RHB Manuel Rosales 0-0: Ball
1-0: Ball
2-0: Foul Ball, location: 2F
2-1: Called Strike
2-2: Strikes out looking
Batting: RHB Angus Watts 0-0: Ball
1-0: SINGLE (Groundball, 56D)
Batting: RHB Ryan French 0-0: Foul Ball, location: 2F
0-1: Ball
1-1: Called Strike
1-2: Fly out, F8 (Flyball, 8RM)
Batting: LHB Tural Bishara 0-0: SINGLE (Groundball, 34D)
Angus Watts to second
Runner from 2nd tries for 3rd, SAFE, throw made to third
Tural Bishara to second
Batting: LHB Francisco Alfaro 0-0: Swinging Strike
0-1: Ball
1-1: Ball
2-1: Foul Ball, location: 2F
2-2: Strikes out swinging
Top of the 8th over - 0 run(s), 2 hit(s), 0 error(s), 2 left on base; Put-In-Bay 4 - Phoenix 0
BOTTOM OF THE 8TH
Phoenix Hotspur U-21 batting - Pitching for Put-In-Bay BC : RHP Scotty McKnight
Batting: LHB Tyler Kinjeketile 0-0: Ground out 3-1 (Groundball, 34)
Batting: RHB Elvis Norfleet 0-0: Ball
1-0: Swinging Strike
1-1: Called Strike
1-2: Foul Ball, location: 2F
1-2: Foul Ball, location: 2F
1-2: Strikes out swinging
Batting: LHB Harumi Takaki 0-0: Called Strike
0-1: Swinging Strike
0-2: DOUBLE (Flyball, 7D)
Pitching: RHP Félix Santiago
Batting: SHB Huey Wood 0-0: Ball
1-0: Foul Ball, location: 2F
1-1: SINGLE (Flyball, 8RS)
Harumi Takaki to third
Runner from 3rd tries for Home, SAFE, throw made home
Huey Wood to second
Pitching: RHP Cisco Ortega
Batting: RHB Juan Negrete 0-0: Foul Ball, location: 2F
0-1: SINGLE (Groundball, 6MD)
Huey Wood to third
Runner from 3rd tries for Home, SAFE, no throw
Batting: SHB Roldan Martir 0-0: Ball
1-0: Swinging Strike
1-1: Ball
2-1: Swinging Strike
2-2: Strikes out swinging
Bottom of the 8th over - 2 run(s), 3 hit(s), 0 error(s), 1 left on base; Put-In-Bay 4 - Phoenix 2
TOP OF THE 9TH
Put-In-Bay BC batting - Pitching for Phoenix Hotspur U-21 : RHP Ricardo Sandoval
Batting: RHB Steve Koch 0-0: Ball
1-0: Ball
2-0: Called Strike
2-1: Swinging Strike
2-2: Strikes out swinging, 2-3 out at first.
Batting: SHB Júlio Pérez 0-0: Called Strike
0-1: Ball
1-1: Ground out 5-3 (Groundball, 56)
Batting: SHB Norm Singletary 0-0: Ball
1-0: Ball
2-0: Ball
3-0: Base on Balls
Batting: RHB Lou Lumsden 0-0: Swinging Strike
0-1: Called Strike
0-2: DOUBLE (Line Drive, 7)
Norm Singletary to third
Pitching: RHP Richard Osborn
Pinch Hitting: SHB Jim Unknown 0-0: SINGLE (Line Drive, 6M)
Norm Singletary scores
Lou Lumsden to third
Runner from 3rd tries for Home, SAFE, no throw
Batting: RHB Angus Watts 0-0: Fielders Choice at 2nd, 5-4 (Groundball, 56)
Top of the 9th over - 2 run(s), 2 hit(s), 0 error(s), 0 left on base; Put-In-Bay 6 - Phoenix 2
BOTTOM OF THE 9TH
Phoenix Hotspur U-21 batting - Pitching for Put-In-Bay BC : RHP Cisco Ortega
Now at SS: Marlon Webster
Batting: LHB Corey Ferguson 0-0: Foul Ball, location: 2F
0-1: Ball
1-1: Called Strike
1-2: Ball
2-2: Foul Ball, location: 2F
2-2: Foul Ball, location: 2F
2-2: Strikes out looking
Batting: RHB Bill Erickson 0-0: Ground out 4-3 (Groundball, 4MD)
Batting: RHB Solomon Norment 0-0: Ball
1-0: Ball
2-0: Foul Ball, location: 2F
2-1: Ball
3-1: Base on Balls
Batting: LHB Tyler Kinjeketile 0-0: Ball
1-0: Foul Ball, location: 2F
1-1: Ball
2-1: Ball
3-1: Base on Balls
Solomon Norment to second
Pitching: RHP Garrett Harrington
Batting: RHB Elvis Norfleet 0-0: Swinging Strike
0-1: DOUBLE (Line Drive, 78D)
Solomon Norment scores
Tyler Kinjeketile to third
Batting: LHB Harumi Takaki 0-0: Called Strike
0-1: Ball
1-1: Foul Ball, location: 2F
1-2: Ball
2-2: Strikes out looking
Bottom of the 9th over - 1 run(s), 1 hit(s), 0 error(s), 2 left on base; Put-In-Bay 6 - Phoenix 3
Monday, March 20th, 2017 - OOTP Baseball 17.12 Build 75